 Dungeon Crawl Stone Soup version 0.20.1-1-g8b1a95d (webtiles) character file.

1681 Kingsmith the Nimble (level 8, -4/75 HPs)
             Began as a Troll Monk on Dec 8, 2017.
             Slain by Prince Ribbit (17 damage)
             ... on level 6 of the Dungeon.
             The game lasted 00:07:18 (4212 turns).

Kingsmith the Nimble (Troll Monk)                   Turns: 4212, Time: 00:07:19

Health: -4/75      AC:  5    Str: 22    XL:     8   Next: 71%
Magic:  7/7        EV: 14    Int:  6    God:
Gold:   307        SH:  0    Dex: 12    Spells: 7/7 levels left

rFire    . . .     SeeInvis .     - Unarmed
rCold    . . .     Gourm    +   (no shield)
rNeg     . . .     Faith    .   a - +0 robe
rPois    .         Spirit   .   (helmet restricted)
rElec    .         Reflect  .   (no cloak)
rCorr    .         Harm     .   (gloves unavailable)
MR       .....                  (boots unavailable)
Stlth    ++........             (no amulet)
Regen    0.7/turn               (no ring)
MPRegen  0.1/turn               (no ring)

@: no status effects
A: unfitting armour, claws 3, fast metabolism 3, gourmand, regeneration 1,
shaggy fur 1, tough skin 2
a: no special abilities


You were on level 6 of the Dungeon.
You were very full.

You visited 2 branches of the dungeon, and saw 7 of its levels.

You collected 307 gold pieces.

Inventory:

Hand Weapons
 v - the +7 whip of Conservatism {flame, +Fly rElec rC+ MR++, unknown}
   (You found it on level 4 of the Dungeon)

   It has been specially enchanted to burn those struck by it, causing extra
   injury to most foes and up to half again as much damage against particularly
   susceptible opponents.
   It protects you from cold.
   It insulates you from electricity.
   It affects your resistance to hostile enchantments.
   It lets you fly.
Armour
 a - a +0 robe (worn)
 t - a +2 cloak
Jewellery
 m - an uncursed ring of positive energy {unknown}
 o - an uncursed amulet of magic regeneration {unknown}
 E - an uncursed ring of magical power {unknown}
Wands
 r - a wand of paralysis (8/24)
 A - a wand of polymorph (8/24)
 B - a wand of confusion (33/48)
 G - a wand of enslavement (13/24)
 H - a wand of lightning (10/15)
Scrolls
 c - a scroll of noise {unknown}
 d - a scroll of enchant armour {unknown}
 f - 9 scrolls of identify {unknown}
 i - 5 scrolls of blinking {unknown}
 l - a scroll of enchant weapon {unknown}
 p - 3 scrolls of teleportation {unknown}
 w - a scroll of remove curse {unknown}
 y - a scroll of amnesia {unknown}
 z - 2 scrolls of immolation {unknown}
 D - a scroll of recharging {unknown}
Potions
 e - a potion of heal wounds {unknown}
 g - 2 potions of lignification {unknown}
 h - 4 potions of curing {unknown}
 k - a potion of magic {unknown}
 n - 2 potions of flight {unknown}
 q - a potion of mutation {unknown}
 s - a potion of invisibility {unknown}
 C - a potion of degeneration {unknown}
Books
 u - a book of Misfortune

   Spells                             Type                      Level
   a - Confusing Touch                Hexes                        1
   b - Confuse                        Hexes                        3
   c - Gell's Gravitas                Translocation                3
   d - Petrify                        Transmutation/Earth          4
   e - Metabolic Englaciation         Hexes/Ice                    5
   f - Yara's Violent Unravelling     Hexes/Transmutation          5
 x - a book of Misfortune

   Spells                             Type                      Level
   a - Confusing Touch                Hexes                        1
   b - Confuse                        Hexes                        3
   c - Gell's Gravitas                Translocation                3
   d - Petrify                        Transmutation/Earth          4
   e - Metabolic Englaciation         Hexes/Ice                    5
   f - Yara's Violent Unravelling     Hexes/Transmutation          5
Comestibles
 b - 5 bread rations
 j - 2 meat rations
 F - 3 fruits
 I - 4 chunks of flesh


   Skills:
 - Level 3.0 Fighting
 + Level 9.4 Dodging
 - Level 1.0 Stealth
 - Level 3.3 Unarmed Combat


You had 7 spell levels left.
You didn't know any spells.

Dungeon Overview and Level Annotations

Branches:
Dungeon (6/15)             Temple (1/1) D:5

Altars:
Ashenzari
Dithmenos
Elyvilon
Fedhas
Gozag
Kikubaaqudgha
Makhleb
Qazlal
Ru
Vehumet
Xom
Zin
The Shining One

Shops:
D:4 :

Annotations:
D:6 Prince Ribbit


Innate Abilities, Weirdness & Mutations

You are too large for most types of armour.
You have claws for hands.
Your metabolism is lightning-fast.
You like to eat raw meat.
Your natural rate of healing is unusually fast.
You are covered in fur. (AC +1)
You have very tough skin. (AC +2)


Message History

Found a papyrus book.
Prince Ribbit hits you.
You scratch Prince Ribbit but do no damage.
Prince Ribbit hits you but does no damage.
You barely miss Prince Ribbit.
Prince Ribbit hits you but does no damage.
You claw Prince Ribbit!
Prince Ribbit is lightly wounded.
Prince Ribbit hits you. Prince Ribbit hits you!
* * * LOW HITPOINT WARNING * * *
You closely miss Prince Ribbit.
Prince Ribbit is lightly wounded.
Prince Ribbit barely misses you.
You claw Prince Ribbit!
Prince Ribbit is moderately wounded.
Prince Ribbit barely misses you.
You closely miss Prince Ribbit.
Prince Ribbit is moderately wounded.
Prince Ribbit closely misses you. Prince Ribbit hits you!
You die...

######## #......# #. ..
#......# #.... #......#
#.... #......# #....
#......# ###.#..
#...).†# ##...#..
#.F.)..# ##.......
##@..)).###........
.....................#..
........##....#...#.##..
.....#.###..#...#...####
....... ##.###....#.#
....#.. ...####.....####
... #:###.........#..#..
### #. #.####.........#
#.#........#....


You could see Prince Ribbit.

Vanquished Creatures
  Sigmund (D:3)
  Eustachio (D:5)
  Menkaure (D:5)
  Duvessa (D:5)
  Purgy (D:3)
  An orc warrior (D:6)
  Blork the orc (D:5)
  A bullfrog (D:6)
  Dowan (D:5)
  A scorpion (D:6)
  3 crimson imps
  2 centaur skeletons
  4 hounds
  2 orc wizards
  An orc priest (D:3)
  A jelly (D:5)
  Ijyb (D:3)
  3 worker ants
  A hound zombie (D:4)
  4 gnolls (D:6)
  6 adders
  A shadow imp (D:6)
  An ooze (D:4)
  5 worms
  3 dart slugs
  4 leopard geckos
  15 orcs
  9 bats
  4 giant cockroaches
  4 goblins
  16 hobgoblins
  8 jackals (D:1)
  3 quokkas
  A ball python (D:3)
  5 frilled lizards
  5 kobolds
  A leopard gecko skeleton (D:4)
  A quokka skeleton (D:5)
  A quokka zombie (D:5)
  6 rats
131 creatures vanquished.

Notes
Turn   | Place    | Note
-------+----------+-------------------------------------------
     0 | D:1      | Kingsmith the Troll Monk began the quest for the Orb.
     0 | D:1      | Reached XP level 1. HP: 22/22 MP: 0/0
    54 | D:1      | Reached XP level 2. HP: 18/29 MP: 1/1
   357 | D:1      | Reached XP level 3. HP: 35/36 MP: 2/2
   919 | D:1      | Reached skill level 3 in Dodging
  1634 | D:3      | Reached XP level 4. HP: 45/45 MP: 3/3
  1646 | D:3      | Noticed Sigmund
  1666 | D:3      | Killed Sigmund
  1666 | D:3      | Reached skill level 5 in Dodging
  1666 | D:3      | Reached XP level 5. HP: 9/53 MP: 4/4
  1693 | D:3      | Reached XP level 6. HP: 26/61 MP: 5/5
  1706 | D:3      | Noticed Ijyb
  1715 | D:3      | Killed Ijyb
  1806 | D:3      | Noticed Purgy
  1836 | D:3      | Killed Purgy
  2308 | D:4      | Reached skill level 6 in Dodging
  2318 | D:4      | You fall through a shaft!
  2318 | D:5      | Entered Level 5 of the Dungeon
  2318 | D:5      | Noticed Blork the orc
  2332 | D:5      | Killed Blork the orc
  2339 | D:5      | Reached XP level 7. HP: 13/67 MP: 1/6
  2400 | D:5      | Found a stormy altar of Qazlal.
  2430 | D:5      | Noticed Menkaure
  2441 | D:5      | Killed Menkaure
  2473 | D:4      | Got a transparent whip
  2571 | D:4      | Reached skill level 7 in Dodging
  2707 | D:4      | Found Teluajut's Book Emporium.
  2790 | D:5      | Noticed Dowan
  2791 | D:5      | Noticed Duvessa
  2804 | D:5      | Killed Duvessa
  2807 | D:5      | Killed Dowan
  2981 | D:5      | Reached XP level 8. HP: 52/75 MP: 7/7
  3074 | D:5      | Noticed an air elemental
  3180 | D:5      | Found a staircase to the Ecumenical Temple.
  3216 | D:5      | Reached skill level 8 in Dodging
  3248 | Temple   | Entered the Ecumenical Temple
  3370 | D:5      | Noticed Eustachio
  3392 | D:5      | Killed Eustachio
  3736 | D:6      | Found a radiant altar of Vehumet.
  3737 | D:6      | Found a burning altar of Makhleb.
  3999 | D:6      | Reached skill level 9 in Dodging
  4199 | D:6      | Noticed Prince Ribbit
  4212 | D:6      | Slain by Prince Ribbit

Skill      XL: |  1  2  3  4  5  6  7  8 |
---------------+-------------------------+-----
Fighting       | 3 |  3.0
Dodging        | 3 5 6 7 9 |  9.4
Stealth        | |  1.0
Unarmed Combat | |  3.3

Action                   |  1- 3 |  4- 6 |  7- 9 || total
-------------------------+-------+-------+-------++-------
Melee: Unarmed           |   140 |   147 |   228 ||   515
       Punch             |     2 |     3 |     4 ||     9
 Stab: Sleeping          |     7 |     3 |     2 ||    12
       Confused          |       |       |     1 ||     1
  Eat: Chunk             |    18 |     9 |    16 ||    43
Armor: Robe              |    57 |    58 |    44 ||   159
Dodge: Dodged            |    58 |   129 |   198 ||   385
